 Dungeon Crawl Stone Soup version 0.32-a0-361-g289a535e89 (webtiles) character file.

Game seed: 6778032171468147567

1827312 Daunt the Slayer (level 27, 242/242 HPs)
             Began as a Coglin Berserker on Feb 18, 2024.
             Was the Champion of Trog.
             Escaped with the Orb
             ... and 3 runes on Feb 19, 2024!
             The game lasted 07:17:03 (59157 turns).

Daunt the Slayer (Coglin Berserker)                Turns: 59157, Time: 07:17:04

Health: 242/242    AC: 48    Str: 27      XL:     27
Magic:  23/23      EV: 17    Int: 12 (13) God:    Trog [******]
Gold:   4203       SH:  0    Dex: 15      Spells: 26/26 levels left

rFire   + . .        b - +8 broad axe "Kycyraem" {vamp, Int+4}
rCold   + . .        F - +9 broad axe (antimagic) {Francisco}
rNeg    . . .        P - +9 gold dragon scales
rPois   +            c - +2 helmet of Wifam {+Blink Will+ Str-2 Int+5}
rElec   +            H - +4 cloak of Hangman {Regen+}
rCorr   .            C - +0 pair of gloves {hurl}
SInv    +            h - +2 pair of boots {rampage}
Will    +++..        U - dreamshard necklace {Acrobat *Dream} Stlth
                     n - ring "Yranguj" {Fly rElec Slay+2 SInv}
HPRegen 1.40/turn    O - +5 ring of evasion
MPRegen 0.18/turn

%: acrobat, rampage
@: flying, studying Stealth
A: off-hand wielding, slow wielding, warmup strikes, warmup strides,
deterioration 2, dopey 1, weak 1, persistent drain
0: Orb of Zot
}: 3/15 runes: barnacled, slimy, gossamer
a: Renounce Religion, Evoke Blink, Berserk, Trog's Hand, Brothers in Arms


You escaped.
You worshipped Trog.
Trog was exalted by your worship.
You visited 10 branches of the dungeon, and saw 51 of its levels.
You visited 1 bazaar.
You also visited: Bailey, Ice Cave, Volcano and Wizlab.

You collected 9284 gold pieces.
You spent 5081 gold pieces at shops.

Inventory:

Hand Weapons
 b - the +8 broad axe "Kycyraem" (weapon) {vamp, Int+4}
   (You found it on level 1 of the Spider Nest)

   Int+4:     It affects your intelligence (+4).
 B - a +9 heavy broad axe {Agustín}
 F - a +9 antimagic broad axe (worn) {Francisco}
Missiles
 e - 4 throwing nets
 f - 12 atropa-tipped darts
 j - 10 silver javelins
 k - 14 curare-tipped darts
 l - 35 poisoned darts
 D - 52 boomerangs (quivered)
 L - 17 javelins
Armour
 c - the +2 helmet of Wifam (worn) {+Blink Will+ Str-2 Int+5}
   (You bought it in a shop on level 2 of the Shoals)

   Str-2:     It affects your strength (-2).
   Int+5:     It affects your intelligence (+5).
   Will+:     It increases your willpower.
   +Blink:    It lets you blink.
 h - a +2 pair of boots of rampaging (worn)
 w - the +4 dragonskin cloak
   (You took it off Tiamat on level 4 of the Realm of Zot)

   Avatar's Aegis: It grants the wearer a chance to resist fire, cold, poison,
   electricity, acid, and negative energy.
 C - a +0 pair of gloves of hurling (worn)
 H - the +4 cloak of Hangman (worn) {Regen+}
   (You bought it in a shop on level 1 of the Vaults)

   Regen+:    It increases your rate of health regeneration.
 P - +9 gold dragon scales (worn)
Jewellery
 n - the ring "Yranguj" (left grasper) {Fly rElec Slay+2 SInv}
   (You took it off a deep elf blademaster on level 3 of the Elven Halls)

   [ring of see invisible]

   Slay+2:    It affects your accuracy & damage with ranged weapons and melee
   (+2).
   rElec:     It insulates you from electricity.
   SInv:      It lets you see invisible.
   Fly:       It grants you flight.
 p - a ring of willpower
 O - a +5 ring of evasion (right grasper)
 R - the ring of Xom's Best Wishes {rF+ rCorr Str+2 Int+5 Dex-2}
   (You found it on level 1 of the Vaults)

   [ring of resist corrosion]

   Str+2:     It affects your strength (+2).
   Int+5:     It affects your intelligence (+5).
   Dex-2:     It affects your dexterity (-2).
   rF+:       It protects you from fire.
   rCorr:     It protects you from acid and corrosion.
 U - the dreamshard necklace (around neck) {Acrobat *Dream}
   (You bought it in a shop on level 1 of the Depths)

   [amulet of the acrobat]

   *Dream:    It absorbs a single lethal wound into itself, holding its wearer
   just short of death and releasing dream-creatures to guard them.
   Acrobat:   It increases your evasion while moving and waiting.
Wands
 v - a wand of paralysis (45)
 A - a wand of mindburst (24)
 T - a wand of acid (38)
 W - a wand of digging (33)
 Y - a wand of roots (66)
Scrolls
 i - 7 scrolls of vulnerability
 m - a scroll of revelation
 o - 2 scrolls of butterflies
 r - 5 scrolls of fog
 t - 8 scrolls of fear
 x - 13 scrolls of blinking
 J - 17 scrolls of teleportation
 Q - 4 scrolls of silence
Potions
 d - 27 potions of curing
 q - 2 potions of invisibility
 s - 6 potions of attraction
 u - 6 potions of lignification
 y - 8 potions of enlightenment
 z - 2 potions of haste
 E - 5 potions of might
 G - 8 potions of heal wounds
 I - 9 potions of mutation
 S - 6 potions of resistance
 X - 4 potions of cancellation
 Z - 13 potions of ambrosia
Miscellaneous
 a - a tin of tremorstones (2/2)
 g - a phial of floods
 K - a box of beasts
 M - a lightning rod (4/4)
 V - a phantom mirror (inert)


   Skills:
 - Level 25.1 Fighting
 * Level 23.3 Axes
 + Level 18.0 Throwing
 + Level 21.8 Armour
 + Level 13.9 Dodging
 - Level 17.0 Evocations


You had 26 spell levels left.
You didn't know any spells.
Your spell library was empty.

Dungeon Overview and Level Annotations

Branches:
Dungeon (15/15)            Temple (0/1) D:7            Lair (5/5) D:11
 Shoals (4/4) Lair:3       Spider (4/4) Lair:2        Slime (5/5) Lair:4
    Orc (2/2) D:12            Elf (3/3) Orc:2        Vaults (4/5) D:13
  Crypt (0/3) Vaults:2     Depths (4/4) D:15            Zot (5/5) Depths:4
 Bailey (visited)           IceCv (visited)         Volcano (visited)
 WizLab (visited)

Altars:
Ashenzari
Cheibriados
Fedhas
Kikubaaqudgha
Makhleb
Nemelex Xobeh
Okawaru
Ru
Uskayaw
Wu Jian
Yredelemnul
Zin
Beogh
Jiyva
Lugonu

Shops:
D:4 ==?*(   D:13 (   Orc:2 ?(**   Elf:1 *   Shoals:2 *([*   Vaults:1 [
Depths:1 ==:

Portals:
Hell: Depths:1 Depths:2 Depths:3 Depths:4*
Abyss: Lair:5 Depths:3
Pandemonium: Depths:2 Depths:3 Depths:4
Ziggurat: Depths:2

Annotations:
D:4 1 runed translucent door
Elf:2 3 runed translucent doors
Zot:2 1 runed translucent door, Caurgh's ghost, veteran OnBe


Innate Abilities, Weirdness & Mutations

You can wield a second weapon in your off-hand.
It takes a long time for you to wield or remove held weapons.
Your first few attacks do less damage.
Your first movements take longer.
Your body often deteriorates upon taking damage.
You are dopey. (Int -2)
You are weak. (Str -2)
Your health recovers twice as slowly from being drained.


Message History

The cacodemon shouts!
The cacodemon gestures at the rock wall.
You hear a grinding noise.
There is a stone staircase leading up here.
You fly upwards.
Level annotation: 1 runed translucent door
There is a stone staircase leading down here.
An orange demon comes into view.
The orange demon screeches!
The orange demon closely misses you. The orange demon completely misses you.
You barely miss the orange demon with the +8 broad axe "Kycyraem".
You closely miss the orange demon with your +9 antimagic broad axe.
You slash the orange demon with the +8 broad axe "Kycyraem"!
The orange demon is moderately wounded.
You open the orange demon like a pillowcase with your +9 antimagic broad axe!!!
You kill the orange demon!
Trog accepts your kill.
Things that are here:
an adder skeleton; an adder skeleton
Things that are here:
a +0 short sword; a kobold skeleton
There is a stone staircase leading up here.
You fly upwards.
There is a stone staircase leading down here.
There is an open door, spattered with blood here.
Items here: )) [[ ÷÷.
There is a stone staircase leading up here.
You fly upwards.
There is a stone staircase leading down here.
You see here a hobgoblin skeleton.
There is a stone staircase leading up here.
You fly upwards.
There is a stone staircase leading down here.
You reach down and open the door.
There is an open door here.
There is a large open door here.
There is a large open door here.
There is an open door here.
There is a staircase leading out of the dungeon here.
You have escaped!

........................# #......
...............##.#+###.# #......
###....###÷#............###......
##.....###.#.####).###.........##
.....#.#...#.#####.###..........#
####.#.#.#.#.........'.........##
≈≈≈≈≈≈≈≈.≈≈≈≈≈≈≈≈≈≈.##...........
#####♣##'##♣######≈.###.######...
..ß#~ ~#'#~♣~#ß.@#≈.###.# #...
...##ß##.##ß##...#≈...#.# #####'
...'.........'...#≈##.#.## #.....
...###ß#'#ß###...#≈......# #.....
ß.ß##♣##'##♣##ß.ß#≈.#.#..###.....
#'##♣~.....~♣##'##≈.#............
#.##♣.......♣##.#≈≈.###....#.....
#.ß#.........#ß.###.###.#.##.###.
#.##...~♣~...##.#~#.÷...#........


There were no monsters in sight!

Vanquished Creatures
  the Royal Jelly (Slime:5)
  5 dread liches (Zot:5)
  5 orbs of fire
  Tiamat (Zot:4)
  2 ancient liches
  Mara (Elf:3)
  3 juggernauts
  Josephina (Zot:2)
  Bai Suzhen (Spider:3)
  2 antique champions (WizLab)
  2 shard shrikes (Depths:2)
  2 Killer Klowns (Zot:5)
  6 caustic shrikes
  13 golden dragons
  2 bone dragons (Depths:4)
  3 electric golems
  20 tentacled monstrosities
  Jorgrun (Orc:1)
  5 liches
  A Hell Sentinel (Zot:3)
  4 titans
  4 quicksilver dragons
  25 Orb Guardians (Zot:5)
  The ghost of Jeuxtor the Warrior, an adept DrGl of Ashenzari (Spider:1)
  Asterion (Depths:1)
  2 walking frostbound tomes
  21 acid blobs
  4 deep elf blademasters (Elf:3)
  3 krakens (Shoals:1)
  A walking divine tome (Depths:2)
  4 deep elf master archers (Elf:3)
  5 sphinxes
  4 death cobs
  An ancient champion (WizLab)
  Polyphemus (Shoals:4)
  Frances (Shoals:1)
  Kirke (D:12)
  16 storm dragons
  Roxanne (Spider:2)
  6 frost giants
  Donald (Vaults:4)
  10 tengu reavers (Depths:2)
  17 azure jellies
  2 protean progenitors (Zot:3)
  7 rockslimes
  8 draconian scorchers
  4 shadow dragons
  4 draconian knights
  6 fire giants
  7 draconian shifters
  13 deep elf sorcerers
  7 emperor scorpions
  8 draconian monks
  Louise (Shoals:1)
  4 iron dragons
  A deep elf elementalist (Elf:3)
  10 ghost moths
  11 vault wardens
  3 orc warlords
  7 draconian stormcallers
  2 ghouls (WizLab)
  12 ironbound preservers
  12 stone giants
  5 very ugly things
  9 draconian annihilators
  11 quicksilver oozes
  A juggernaut skeleton (WizLab)
  4 broodmothers
  5 dire elephants
  8 ironbound thunderhulks
  5 deep elf death magi (Elf:3)
  A formless jellyfish (Vaults:4)
  5 vampire knights
  11 green draconians
  14 white draconians
  6 deep elf demonologists
  10 black draconians
  8 deep elf annihilators
  A war gargoyle (Vaults:3)
  13 spark wasps
  4 red draconians
  13 purple draconians
  5 blizzard demons
  12 yellow draconians
  3 crystal guardians (Vaults:4)
  4 jiangshi
  Snorg (Lair:4)
  5 merfolk javelineers
  11 merfolk impalers
  9 ettins
  9 fire dragons
  7 yaktaur captains
  The ghost of pokeman the Eclecticist, a journeyman DEHW of Vehumet (D:15)
  8 great orbs of eyes
  11 deep elf high priests
  7 entropy weavers
  9 ice dragons
  17 vault guards
  3 rakshasas (Depths:3)
  A spectral tengu (D:15)
  7 hydras
  3 catoblepae
  A caustic shrike simulacrum (IceCv)
  15 centaur warriors
  A sphinx zombie (D:15)
  3 jorogumos
  5 peacekeepers
  5 spriggan air magi
  A radroach (Spider:3)
  4 ironbound frosthearts
  11 dancing weapons
  8 merfolk aquamancers
  2 satyrs (Shoals:3)
  8 deep troll shamans
  5 tengu warriors
  7 deep troll earth magi
  2 ogre magi (D:15)
  13 two-headed ogres
  7 boulder beetles
  3 thrashing horrors (Lair:5)
  15 death yaks
  2 shock serpents (Depths:2)
  2 vampire magi
  5 demonic crawlers
  2 occultists (Depths:2)
  4 spriggan berserkers
  A storm dragon zombie (WizLab)
  Urug (D:9)
  An orc high priest (Orc:1)
  The ghost of Gangsterbeez the Basher, a novice MiFi (D:8)
  8 hell knights
  6 deep elf knights
  4 iron trolls
  A skyshark (Shoals:1)
  Nergalle (Orc:1)
  15 skeletal warriors
  2 skysharks (shapeshifter)
  A sixfirhy (D:10)
  A salamander mystic (Volcano)
  12 orb spiders
  A large abomination (Lair:5)
  2 pharaoh ants
  A golden dragon zombie (WizLab)
  3 death drakes (Zot:3)
  11 sea snakes
  4 flayed ghosts
  A bog body (IceCv)
  37 deep trolls
  6 spriggan simulacra (IceCv)
  7 arcanists
  2 sun moths
  A spectral iron dragon (D:15)
  6 glowing orange brains
  An orange crystal statue (Shoals:1)
  29 harpies
  A lindwurm (shapeshifter) (Depths:3)
  An iron dragon zombie (D:15)
  13 steelbarb worms
  11 deep elf archers
  18 deep elf zephyrmancers
  6 necromancers
  5 lindwurms
  24 wolf spiders
  Pikel (D:8)
  20 deep elf pyromancers
  2 orc knights
  11 ironbound convokers
  An elf skeleton (Vaults:4)
  5 phantasmal warriors
  An obsidian statue (IceCv)
  2 orc sorcerers
  20 ugly things
  12 fauns
  2 sphinx simulacra
  35 moths of wrath
  4 shining eyes
  5 cyclopes
  9 manticores
  5 salamanders (Volcano)
  3 meliai (Spider:3)
  3 elephants (Lair:5)
  17 vault sentinels
  7 black mambas
  4 kobold blastminers (Orc:2)
  A molten gargoyle (Volcano)
  6 water nymphs
  2 ice statues (Shoals:2)
  12 merfolk sirens
  A gargoyle (D:14)
  2 torpor snails
  3 yaktaur zombies (Vaults:1)
  Maggie (D:8)
  2 orange demons
  9 cane toads
  A kobold demonologist (D:11)
  3 smoke demons
  3 rime drakes
  An unseen horror (shapeshifter) (Lair:5)
  A hellion (D:14)
  3 efreet
  33 yaktaurs
  An anaconda simulacrum (IceCv)
  A ghost moth simulacrum (Zot:2)
  14 komodo dragons
  4 freezing wraiths (IceCv)
  9 ice devils
  10 tengu conjurers
  A golden dragon simulacrum (Zot:2)
  A shadow dragon simulacrum (Zot:2)
  Grinder (D:4)
  A queen bee (D:11)
  6 trolls
  25 merfolk
  An ettin zombie (D:15)
  29 tarantellas
  2 hornets (D:8)
  5 glass eyes
  4 human skeletons (Vaults:4)
  16 wind drakes
  2 raiju (Lair:5)
  A draconian simulacrum (Zot:2)
  34 blink frogs
  3 dream sheep (Shoals:4)
  3 snapping turtles
  76 slime creatures
  6 air elementals
  An iron dragon simulacrum (D:15)
  Sigmund (D:2)
  A shadow (D:12)
  A dire elephant simulacrum (IceCv)
  4 spriggans (Bailey)
  27 jumping spiders
  4 ynoxinuls
  27 water elementals
  2 wraiths
  39 yaks
  26 culicivoras
  7 vampires
  4 fire bats (Volcano)
  6 basilisks
  4 wyverns
  3 fire elementals
  6 golden eyes
  2 hogs (D:12)
  4 wargs
  55 redbacks
  3 death yak simulacra (Lair:5)
  A yaktaur simulacrum (Vaults:1)
  3 steam dragons
  6 vampire mosquitoes
  A glowing shapeshifter zombie (D:15)
  7 minotaur simulacra (IceCv)
  3 chaos spawn (Lair:5)
  A deep troll zombie (WizLab)
  A harpy simulacrum (IceCv)
  9 small abominations (Lair:5)
  Edmund (D:6)
  Duvessa (D:4)
  2 acid dragons
  14 water moccasins
  A two-headed ogre skeleton (WizLab)
  5 hydra simulacra
  A moth of wrath simulacrum (Zot:2)
  5 black bears
  A glowing shapeshifter skeleton (Vaults:4)
  36 orc warriors
  A black bear (shapeshifter) (D:14)
  3 ettin simulacra
  3 ice beasts
  2 sky beasts
  16 ogres
  A centaur (D:13)
  12 boggarts
  4 lemures (D:8)
  25 wolves
  An elf simulacrum (Vaults:2)
  2 kobold brigands
  13 bullfrogs
  3 scorpions
  10 deep troll simulacra
  An earth elemental (Elf:3)
  A cyclops zombie (WizLab)
  A two-headed ogre simulacrum (WizLab)
  7 wights
  A cyclops skeleton (WizLab)
  Dowan (D:4)
  3 elephant simulacra (Lair:5)
  33 killer bees
  3 lindwurm simulacra (IceCv)
  8 electric eels
  5 lava snakes (Volcano)
  3 hounds
  4 quasits
  A human zombie (D:4)
  3 bombardier beetles
  2 jellies (Lair:4)
  24 orc priests
  A sleepcap (D:8)
  Jessica (D:3)
  3 gnoll boudas
  4 iguanas
  A cyclops simulacrum (WizLab)
  29 orc wizards
  7 hell rats (Lair:4)
  Robin (D:3)
  9 adders
  10 gnolls
  2 shadow imps (D:7)
  3 white imps
  A hell rat simulacrum (Lair:5)
  3 ufetubi
  3 dart slugs
  A ribbon worm (D:3)
  100 orcs
  5 ball pythons
  10 endoplasms
  5 giant cockroaches
  14 goblins
  13 hobgoblins
  3 jackals (D:2)
  18 kobolds
  3 quokkas
  3 bats
  5 frilled lizards
  4 rats
  A butterfly (Lair:2)
  A spectral weapon (Zot:5)
  24 tentacles (Shoals:1)
2304 creatures vanquished.

Vanquished Creatures (collateral kills)
  A dread lich (Zot:5)
  Saint Roka (Orc:2)
  An acid blob (Slime:5)
  A storm dragon (Zot:5)
  A quicksilver ooze (Slime:5)
  A fire dragon (Depths:2)
  A deep elf knight (Elf:3)
  An orb spider (Spider:4)
  2 ugly things (Depths:1)
  A necromancer (Lair:5)
  An elephant (Lair:5)
  A cane toad (Lair:5)
  A tengu conjurer (Depths:2)
  A tarantella (Spider:4)
  A redback (Spider:4)
  A death yak simulacrum (Lair:5)
  An orc warrior (Orc:2)
  An ogre (Orc:2)
  2 killer bees (D:11)
  2 orcs (Orc:2)
23 creatures vanquished.

Vanquished Creatures (others)
  A lich (WizLab)
  A deep elf zephyrmancer (Elf:2)
  A merfolk siren (Shoals:1)
  A spriggan (Bailey)
  A water elemental (Elf:2)
  A human (D:12)
  A boggart (Vaults:4)
  An orc priest (Orc:2)
  An orc (Orc:2)
  12 tentacles (Shoals:1)
21 creatures vanquished.

Grand Total: 2348 creatures vanquished

Notes
Turn   | Place    | Note
-------+----------+-------------------------------------------
     0 | D:1      | Daunt the Coglin Berserker began the quest for the Orb.
     0 | D:1      | Reached XP level 1. HP: 18/18 MP: 1/1
    97 | D:1      | Reached XP level 2. HP: 20/24 MP: 2/2
   504 | D:1      | Reached XP level 3. HP: 28/29 MP: 3/3
  1028 | D:2      | Found a faded altar of an unknown god.
  1038 | D:2      | Reached XP level 4. HP: 35/35 MP: 4/4
  1114 | D:2      | Reached ** piety under Trog
  1484 | D:2      | Noticed Sigmund
  1490 | D:2      | Killed Sigmund
  1491 | D:2      | Reached skill level 5 in Fighting
  1491 | D:2      | Reached XP level 5. HP: 45/45 MP: 5/5
  1491 | D:2      | Reached XP level 6. HP: 51/51 MP: 6/6
  2191 | D:3      | Noticed Jessica
  2205 | D:3      | Killed Jessica
  2206 | D:3      | Reached skill level 5 in Axes
  2436 | D:3      | Noticed Robin
  2453 | D:3      | Killed Robin
  2822 | D:4      | Found Seolaic's Weapon Boutique.
  2973 | D:4      | Reached *** piety under Trog
  2988 | D:4      | Found Weonn's Magic Scroll Shoppe.
  2991 | D:4      | Bought a scroll of noise for 10 gold pieces
  2991 | D:4      | Bought a scroll of teleportation for 30 gold pieces
  2991 | D:4      | Bought a scroll of identify for 20 gold pieces
  2991 | D:4      | Bought a scroll of blinking for 75 gold pieces
  3058 | D:4      | Reached XP level 7. HP: 57/57 MP: 7/7
  3119 | D:4      | Bought a scroll of identify for 20 gold pieces
  3137 | D:4      | Found Otwetoos's Jewellery Emporium.
  3146 | D:4      | Noticed Dowan
  3148 | D:4      | Noticed Duvessa
  3169 | D:4      | Killed Duvessa
  3280 | D:4      | Found a runed translucent door.
  3280 | D:4      | Noticed a human
  3282 | D:4      | Found a basalt altar of Yredelemnul.
  3366 | D:4      | Found Qiowauwo's General Store.
  3385 | D:4      | Noticed Grinder
  3404 | D:4      | Killed Grinder
  3450 | D:4      | Killed Dowan
  3451 | D:4      | Reached XP level 8. HP: 64/64 MP: 8/8
  3548 | D:4      | Found Xuffizun's Jewellery Shop.
  3727 | D:5      | Entered Level 5 of the Dungeon
  3893 | D:5      | Reached skill level 1 in Evocations
  4024 | D:5      | Found a sparkling altar of Nemelex Xobeh.
  4207 | D:4      | Bought a scroll of fear for 40 gold pieces
  4896 | D:4      | Bought a scroll of identify for 20 gold pieces
  5085 | D:6      | Found a sacrificial altar of Ru.
  5085 | D:6      | You fall into a shaft and drop 3 floors!
  5241 | D:9      | Reached skill level 5 in Armour
  5241 | D:9      | Reached XP level 9. HP: 61/69 MP: 9/9
  5304 | D:9      | Found an ancient bone altar of Kikubaaqudgha.
  5771 | D:8      | Found a flagged portal.
  5812 | Bailey   | Entered a bailey
  5849 | Bailey   | Reached skill level 6 in Fighting
  5995 | Bailey   | Reached **** piety under Trog
  6032 | Bailey   | Identified the +5 acid dragon scales "Cicad" {rC+ rCorr}
  6047 | Bailey   | Reached skill level 7 in Fighting
  6246 | Bailey   | Reached skill level 8 in Fighting
  6406 | Bailey   | Noticed a two-headed ogre
  6474 | Bailey   | Killed a two-headed ogre
  6475 | Bailey   | Reached XP level 10. HP: 80/80 MP: 3/10
  6753 | D:8      | Reached skill level 5 in Dodging
  6843 | D:8      | Found an ornate altar of the Wu Jian Council.
  6924 | D:7      | Found a staircase to the Ecumenical Temple.
  7144 | D:7      | Reached skill level 5 in Evocations
  7798 | D:6      | Noticed Edmund
  7803 | D:6      | Killed Edmund
  7804 | D:6      | Reached skill level 9 in Fighting
  8095 | D:7      | Noticed a two-headed ogre
  8101 | D:7      | Killed a two-headed ogre
  8112 | D:7      | Reached skill level 10 in Fighting
  8244 | D:4      | Bought a potion of haste for 120 gold pieces
  8320 | D:7      | Reached XP level 11. HP: 90/90 MP: 3/11
  8448 | D:7      | Found a broken altar of Ashenzari.
  8707 | D:7      | Found a glowing silver altar of Zin.
  8959 | D:8      | Found a transporter.
  8976 | D:8      | Noticed Maggie
  8990 | D:8      | Killed Maggie
  9160 | D:8      | Noticed a moth of wrath
  9161 | D:8      | Noticed Gangsterbeez's ghost (novice MiFi)
  9217 | D:8      | Reached ***** piety under Trog
  9327 | D:8      | Noticed Pikel
  9343 | D:8      | Killed Pikel
  9366 | D:8      | Found a transporter.
 10319 | D:10     | Entered Level 10 of the Dungeon
 10319 | D:10     | Noticed Urug
 10324 | D:9      | Killed Urug
 10325 | D:9      | Reached skill level 10 in Axes
 10597 | D:10     | Found a blossoming altar of Fedhas.
 10629 | D:10     | Noticed a sixfirhy
 10640 | D:10     | Killed a sixfirhy
 11135 | D:4      | Bought a scroll of identify for 24 gold pieces
 11511 | D:10     | Found a hide-covered altar of Uskayaw.
 11560 | D:10     | Found a burning altar of Makhleb.
 11738 | D:10     | Reached XP level 12. HP: 79/99 MP: 4/12
 12110 | D:11     | Noticed a two-headed ogre
 12121 | D:11     | Killed a two-headed ogre
 12241 | D:11     | Found a staircase to the Lair.
 12583 | D:11     | Noticed a two-headed ogre
 12587 | D:11     | Killed a two-headed ogre
 12915 | Lair:1   | Entered Level 1 of the Lair of Beasts
 12915 | Lair:1   | Noticed a boulder beetle
 12919 | Lair:1   | Killed a boulder beetle
 13130 | Lair:1   | Reached skill level 15 in Axes
 13196 | Lair:1   | Noticed a catoblepas
 13202 | Lair:1   | Killed a catoblepas
 13240 | Lair:1   | Reached XP level 13. HP: 89/105 MP: 13/13
 13281 | Lair:1   | Found a dark tunnel.
 13301 | Volcano  | Entered a volcano
 13874 | Volcano  | Noticed a red draconian
 13877 | Volcano  | Found a burning altar of Makhleb.
 13885 | Volcano  | Reached skill level 11 in Fighting
 13905 | Volcano  | Killed a red draconian
 14308 | Lair:1   | Identified the +1 dagger "Himaomm" {drain, ^Fragile rElec
                  | rC+ rCorr}
 14351 | Lair:1   | Identified the +6 battleaxe of Tumult {flame, rCorr} (Trog
                  | gifted it to you on level 1 of the Lair of Beasts)
 14351 | Lair:1   | Received a gift from Trog
 15383 | Lair:2   | Found a hole to the Spider Nest.
 15884 | Lair:2   | Reached skill level 1 in Throwing
 16468 | Lair:3   | Identified the +1 quarterstaff "Dragon's Tongue" {venom,
                  | rC+ Str-4 Int+2}
 16748 | Lair:3   | Found a staircase to the Shoals.
 16774 | Lair:3   | Reached skill level 12 in Fighting
 17055 | Lair:4   | Noticed Snorg
 17092 | Lair:4   | Found a staircase to the Slime Pits.
 17096 | Lair:4   | Received a gift from Trog
 17224 | Lair:4   | Killed Snorg
 17291 | Lair:4   | Reached XP level 14. HP: 115/115 MP: 14/14
 17881 | Lair:5   | Entered Level 5 of the Lair of Beasts
 19242 | Lair:5   | Received a gift from Trog
 19311 | Lair:5   | Reached XP level 15. HP: 119/122 MP: 15/15
 19352 | Lair:5   | Reached skill level 5 in Throwing
 19363 | Lair:5   | Reached skill level 13 in Fighting
 19401 | Lair:5   | Found a corrupted altar of Lugonu.
 19401 | Lair:5   | Found a one-way gate to the infinite horrors of the Abyss.
 19654 | Lair:5   | Reached skill level 10 in Evocations
 19972 | D:12     | Reached ****** piety under Trog
 20136 | D:12     | Noticed Kirke
 20146 | D:12     | Killed Kirke
 20303 | D:12     | Found a staircase to the Orcish Mines.
 20973 | D:13     | Received a gift from Trog
 21003 | D:13     | Reached skill level 10 in Armour
 21141 | D:13     | Found Pefoxkisch's Weapon Boutique.
 21480 | D:13     | Found a gate to the Vaults.
 21513 | D:13     | Found an iron altar of Okawaru.
 21917 | D:14     | Reached skill level 14 in Fighting
 22076 | D:14     | Identified the +2 helmet "Eteacip" {Str+3 Int-5 Dex+3}
 22786 | D:15     | Entered Level 15 of the Dungeon
 23116 | D:15     | Reached XP level 16. HP: 132/134 MP: 16/16
 23295 | D:15     | Found a staircase to the Depths.
 23318 | D:15     | HP: 6/201 [very large slime creature (23)]
 23764 | D:15     | Received a gift from Trog
 23840 | D:15     | Reached skill level 15 in Fighting
 23969 | D:15     | Found a runed translucent gate.
 23970 | D:15     | Found a runed translucent gate.
 23972 | D:15     | Found a runed translucent gate.
 23975 | D:15     | Noticed pokeman's ghost (journeyman DEHW)
 24121 | D:15     | Killed pokeman's ghost
 24319 | Orc:1    | Entered Level 1 of the Orcish Mines
 24335 | Orc:1    | Noticed Nergalle
 24346 | Orc:1    | Killed Nergalle
 24565 | Orc:1    | Noticed Jorgrun
 24584 | Orc:1    | Killed Jorgrun
 24760 | Orc:2    | Entered Level 2 of the Orcish Mines
 24771 | Orc:2    | Found a staircase to the Elven Halls.
 24825 | Orc:2    | Paralysed by an orc sorcerer for 3 turns
 24876 | Orc:2    | Noticed Saint Roka
 24997 | Orc:2    | Found a roughly hewn altar of Beogh.
 25112 | Orc:2    | Received a gift from Trog
 25225 | Orc:2    | Killed Saint Roka
 25373 | Orc:2    | Found a roughly hewn altar of Beogh.
 25409 | Orc:2    | Found a roughly hewn altar of Beogh.
 25431 | Orc:2    | Found Mysoqef's Overcharged Wands.
 25489 | Orc:2    | Found a roughly hewn altar of Beogh.
 25493 | Orc:2    | Found Ucejile's Assorted Antiques.
 25807 | Orc:2    | Found Fiutrugoy's Antique Weapon Shop.
 25807 | Orc:2    | Found a roughly hewn altar of Beogh.
 25826 | Orc:2    | Found Rixuxyn's Antique Armour Boutique.
 25915 | Orc:2    | Found a roughly hewn altar of Beogh.
 25936 | Orc:2    | Found Duapseju's Magic Scroll Shop.
 25941 | Orc:2    | Bought a scroll of identify for 26 gold pieces
 25941 | Orc:2    | Bought a scroll of blinking for 97 gold pieces
 25941 | Orc:2    | Bought a scroll of enchant weapon for 97 gold pieces
 26056 | Orc:2    | Bought a scroll of identify for 60 gold pieces
 26056 | Orc:2    | Bought a scroll of identify for 60 gold pieces
 26059 | Orc:2    | Identified a scroll of acquirement
 26064 | Orc:2    | Acquired the +0 helmet of the Old World {Slay+5}
 26342 | Spider:1 | Entered Level 1 of the Spider Nest
 26352 | Spider:1 | Reached XP level 17. HP: 142/143 MP: 17/17
 26353 | Spider:1 | Received a gift from Trog
 26714 | Lair:2   | Reached skill level 16 in Fighting
 27278 | Spider:1 | Found a large runed translucent door.
 27279 | Spider:1 | Found a large runed translucent door.
 27285 | Spider:1 | Noticed Jeuxtor's ghost (adept DrGl)
 27301 | Spider:1 | Killed Jeuxtor's ghost
 27306 | Spider:1 | Identified the +8 broad axe "Kycyraem" {vamp, Int+4}
 27747 | Spider:2 | Noticed Roxanne
 27801 | Spider:2 | Received a gift from Trog
 27962 | Spider:2 | You fall into a shaft and drop 1 floor!
 28187 | Spider:2 | Killed Roxanne
 29221 | Spider:4 | Entered Level 4 of the Spider Nest
 29221 | Spider:4 | Noticed Bai Suzhen
 29232 | Spider:3 | Killed Bai Suzhen
 29298 | Spider:4 | Reached XP level 18. HP: 146/153 MP: 18/18
 29302 | Spider:4 | Reached skill level 17 in Fighting
 29541 | Spider:4 | Identified the +8 chain mail of Fedhas's Hatred {Harm rC+
                  | Int+5}
 29577 | Spider:4 | Received a gift from Trog
 30051 | Spider:4 | Got a gossamer rune of Zot
 30624 | Shoals:1 | Entered Level 1 of the Shoals
 30624 | Shoals:1 | Noticed Louise
 30632 | Shoals:1 | Noticed Frances
 30641 | Shoals:1 | Killed Frances
 30644 | Shoals:1 | Killed Louise
 30804 | Shoals:1 | Found a flickering gateway to a bazaar.
 30807 | Shoals:1 | Reached skill level 10 in Dodging
 30867 | Bazaar   | Entered a bazaar
 30881 | Bazaar   | Found Jobucs's Magic Scroll Emporium.
 30881 | Bazaar   | Found Reosefedd's Weapon Shoppe.
 30928 | Bazaar   | Found Fauxeb's Assorted Antiques.
 30988 | Bazaar   | Bought a scroll of blinking for 75 gold pieces
 30988 | Bazaar   | Bought a scroll of blinking for 75 gold pieces
 30988 | Bazaar   | Bought a scroll of revelation for 75 gold pieces
 30988 | Bazaar   | Bought a scroll of enchant weapon for 75 gold pieces
 31509 | Shoals:1 | Acquired 1043 gold pieces
 31626 | Shoals:2 | Found a glacial archway.
 31673 | Shoals:2 | Received a gift from Trog
 31717 | IceCv    | Entered an ice cave
 31936 | IceCv    | Reached skill level 18 in Fighting
 31936 | IceCv    | Reached skill level 10 in Throwing
 32229 | IceCv    | Reached XP level 19. HP: 157/163 MP: 19/19
 32585 | Shoals:2 | Reached skill level 15 in Armour
 33023 | Shoals:2 | Found Lucubb's Merfolk Weapons.
 33023 | Shoals:2 | Found Lucubb's Merfolk Armours.
 33023 | Shoals:2 | Found Lucubb's Merfolk Magic.
 33250 | Shoals:2 | Bought the +2 helmet of Wifam {+Blink Will+ Str-2 Int+5}
                  | for 646 gold pieces
 33260 | Shoals:2 | Bought 6 atropa-tipped darts for 91 gold pieces
 33260 | Shoals:2 | Bought 4 boomerangs for 136 gold pieces
 33559 | Shoals:3 | Received a gift from Trog
 33968 | Shoals:4 | Entered Level 4 of the Shoals
 33968 | Shoals:4 | Found a snail-covered altar of Cheibriados.
 33980 | Shoals:4 | Paralysed by an air elemental for 1 turns
 34181 | Shoals:4 | Found a broken altar of Ashenzari.
 34259 | Shoals:4 | Reached skill level 19 in Fighting
 34307 | Shoals:4 | Received a gift from Trog
 34388 | Shoals:4 | Identified the +3 short sword of the Mind {speed, Int+2
                  | SInv}
 34394 | Shoals:4 | Noticed Polyphemus
 34402 | Shoals:4 | Killed Polyphemus
 34856 | Shoals:4 | Identified the +4 trident of Kycug {drain, rElec}
 35240 | Shoals:4 | Got a barnacled rune of Zot
 35559 | D:8      | Killed Gangsterbeez's ghost
 35864 | Vaults:1 | Entered Level 1 of the Vaults
 35873 | Vaults:1 | Reached XP level 20. HP: 165/175 MP: 20/20
 36212 | Vaults:1 | Identified the +7 hand axe "Xudigh" {antimagic, rPois
                  | Str+3} (Trog gifted it to you on level 1 of the Vaults)
 36212 | Vaults:1 | Received a gift from Trog
 36501 | Vaults:1 | Reached skill level 20 in Fighting
 36648 | Vaults:1 | Identified the ring of Xom's Best Wishes {rF+ rCorr Str+2
                  | Int+5 Dex-2}
 37125 | Vaults:1 | Found Eneash's Armour Boutique.
 37133 | Vaults:1 | Bought the +4 cloak of Hangman {Regen+} for 409 gold pieces
 38242 | Vaults:2 | Received a gift from Trog
 38515 | Vaults:2 | Found a staircase to the Crypt.
 38842 | Vaults:3 | Received a gift from Trog
 39049 | Vaults:3 | Reached skill level 21 in Fighting
 39049 | Vaults:3 | Reached XP level 21. HP: 186/186 MP: 21/21
 39129 | Vaults:3 | Reached XP level 22. HP: 194/194 MP: 22/22
 39380 | Vaults:3 | Received a gift from Trog
 39982 | Vaults:4 | Received a gift from Trog
 40076 | Vaults:4 | Noticed Donald
 40081 | Vaults:4 | Killed Donald
 40372 | Vaults:4 | Reached skill level 22 in Fighting
 41167 | Depths:1 | Entered Level 1 of the Depths
 41191 | Depths:1 | Noticed Asterion
 41198 | Depths:1 | Received a gift from Trog
 41202 | Depths:1 | Killed Asterion
 41365 | Depths:1 | Found a sparkling altar of Nemelex Xobeh.
 41390 | Depths:1 | Identified the +1 chain mail of Analysis {Will+}
 41497 | Depths:1 | Found a gateway to Hell.
 41597 | Depths:1 | Found Zaefet's Book Emporium.
 41598 | Depths:1 | Found Jayd's Jewellery Shop.
 41598 | Depths:1 | Found Veveq's Jewellery Shop.
 41775 | Depths:2 | Reached XP level 23. HP: 173/205 MP: 23/23
 41778 | Depths:2 | Noticed a shard shrike
 41783 | Depths:2 | Killed a shard shrike
 42067 | Depths:2 | Noticed a golden dragon
 42070 | Depths:2 | Killed a golden dragon
 42076 | Depths:2 | Received a gift from Trog
 42185 | Depths:2 | Noticed a shard shrike
 42197 | Depths:2 | Killed a shard shrike
 42198 | Depths:2 | Reached skill level 23 in Fighting
 42307 | Depths:1 | Bought the dreamshard necklace {Acrobat *Dream} for 2800
                  | gold pieces
 42307 | Depths:1 | Found the dreamshard necklace {Acrobat *Dream}
 42689 | Depths:2 | Noticed a caustic shrike
 42695 | Depths:2 | Killed a caustic shrike
 42715 | Depths:2 | Identified the +8 hand axe of Taxation {heavy, rPois rC+}
                  | (Trog gifted it to you on level 2 of the Depths)
 42715 | Depths:2 | Received a gift from Trog
 42802 | Depths:2 | Found a one-way gate leading to the halls of Pandemonium.
 42803 | Depths:2 | Noticed a caustic shrike
 42805 | Depths:2 | Found a one-way gateway to a ziggurat.
 42810 | Depths:2 | Killed a caustic shrike
 43468 | Depths:3 | You fall into a shaft and drop 1 floor!
 43468 | Depths:4 | Entered Level 4 of the Depths
 43469 | Depths:4 | Noticed a juggernaut
 43478 | Depths:4 | Killed a juggernaut
 43504 | Depths:4 | Reached skill level 24 in Fighting
 43593 | Depths:3 | Received a gift from Trog
 43594 | Depths:3 | Reached XP level 24. HP: 217/217 MP: 23/23
 43606 | Depths:3 | Reached skill level 15 in Throwing
 43606 | Depths:3 | Identified the ring "Souwipp" {rElec rF+ MP+9 Str-3}
 43643 | Depths:3 | Noticed a juggernaut
 43655 | Depths:3 | Killed a juggernaut
 43655 | Depths:3 | Noticed an ancient lich
 43671 | Depths:3 | Killed an ancient lich
 44230 | Depths:3 | Identified the ring of Mejiuded {Wiz ^Drain Int+2 Dex+7}
 44534 | Depths:4 | Noticed a juggernaut
 44534 | Depths:4 | Noticed a caustic shrike
 44534 | Depths:4 | Noticed a caustic shrike
 44534 | Depths:4 | Noticed a caustic shrike
 44535 | Depths:4 | Noticed a caustic shrike
 44535 | Depths:4 | Noticed a caustic shrike
 44649 | Depths:4 | Killed a juggernaut
 44762 | Depths:4 | Killed a caustic shrike
 46216 | Depths:4 | Received a gift from Trog
 46267 | Depths:4 | Killed a caustic shrike
 46328 | Depths:4 | a caustic shrike changed into a golden dragon
 46331 | Depths:4 | Killed a caustic shrike
 46333 | Depths:4 | Killed a caustic shrike
 46548 | Depths:4 | Reached skill level 25 in Fighting
 46558 | Depths:4 | Found a gate to the Realm of Zot.
 46887 | Elf:1    | Entered Level 1 of the Elven Halls
 47008 | Elf:1    | Identified the staff of the Volcano {rN+ Dex+2 Necro}
 47028 | Elf:1    | Found Kojaff's General Store.
 47318 | Elf:1    | Identified the +2 ring mail of Pragmatism {^Contam ^Drain
                  | rElec rCorr}
 47337 | Elf:1    | Received a gift from Trog
 47720 | Elf:2    | Found a runed translucent gate.
 47720 | Elf:2    | Found a runed translucent gate.
 47725 | Elf:2    | Found a runed translucent gate.
 47843 | Elf:2    | Found a magical portal.
 47875 | Elf:2    | Reached XP level 25. HP: 223/227 MP: 23/23
 47897 | WizLab   | Entered Zonguldrok's Shrine
 47966 | WizLab   | Received a gift from Trog
 48060 | WizLab   | Noticed an antique champion
 48060 | WizLab   | Noticed an antique champion
 48067 | WizLab   | Killed an antique champion
 48079 | WizLab   | Killed an antique champion
 48172 | WizLab   | Identified the death talisman of Dust Devil {rF++ Will-
                  | rCorr Slay+2}
 48174 | WizLab   | Identified the +2 kite shield of the Skiapode {Rampage
                  | rCorr SInv Stlth+}
 48512 | Elf:2    | Identified the +0 robe of Qymm {rF+ Will- Slay+5}
 48528 | Elf:2    | Identified the maw talisman "Xegh" {Will+}
 48646 | Elf:3    | Entered Level 3 of the Elven Halls
 48911 | Elf:3    | Noticed Mara
 48918 | Elf:3    | Killed Mara
 49219 | Elf:3    | Received a gift from Trog
 49354 | Elf:3    | Identified the +11 mace "Caugouss" {spect, rF+ Dex+5}
 49354 | Elf:3    | Identified the ring "Yranguj" {Fly rElec Slay+2 SInv}
 49368 | Elf:3    | Identified the +8 dire flail of Vefrebboent {flame, rN+
                  | rCorr}
 49494 | Elf:3    | Reached skill level 15 in Evocations
 50171 | Slime:1  | Entered Level 1 of the Pits of Slime
 50546 | Slime:3  | Received a gift from Trog
 50631 | Slime:5  | Entered Level 5 of the Pits of Slime
 50886 | Slime:5  | Reached XP level 26. HP: 235/235 MP: 23/23
 51093 | Slime:5  | Found the necklace of Bloodlust {Fury *Rage Will++ Int-3
                  | Slay+6}
 51122 | Slime:5  | Received a gift from Trog
 51225 | Slime:5  | Gained mutation: Your body sometimes deteriorates upon
                  | taking damage. [a shining eye]
 51226 | Slime:5  | Gained mutation: Your body often deteriorates upon taking
                  | damage. [a shining eye]
 51255 | Slime:5  | Found a viscous altar of Jiyva.
 51257 | Slime:5  | Noticed the Royal Jelly
 51293 | Slime:5  | Killed the Royal Jelly
 51420 | Slime:5  | Got a slimy rune of Zot
 51434 | Slime:5  | Identified the ring of the Ant {+Blink rN+ MP+9 Dex-4}
 51572 | Slime:5  | Identified the +0 leather armour of Lugonu {Int+5}
 51582 | Slime:5  | Identified the +0 leather armour of the Gusle {rCorr Str+9
                  | Int-2 Dex+2}
 51592 | Slime:5  | Identified the amulet of the Curious Heavens {Rampage rF+
                  | Regen+ Int-4 Dex+4}
 51638 | Slime:5  | Identified the +3 hat "Cufalej" {rPois rCorr Stlth-}
 51650 | Slime:5  | Identified the +2 glaive of Valiance {pain, Dex+2}
 51715 | Slime:5  | Identified the ring of Darkness {Ice rElec Will- Str+8
                  | Slay-2}
 51720 | Slime:5  | Identified the ring "Sos Juich" {*Corrode Will+++ MP+9
                  | Int-4 SInv}
 53533 | Zot:1    | Entered Level 1 of the Realm of Zot
 53570 | Zot:1    | Noticed an orb of fire
 53580 | Zot:1    | Killed an orb of fire
 54562 | Zot:2    | Received a gift from Trog
 54562 | Zot:2    | Found the +16 obsidian axe {drain, demonic, Mesm ^Drain Fly
                  | SInv}
 54614 | Zot:2    | Identified the ring of Joka {Ice rElec}
 54614 | Zot:2    | Noticed Josephina
 54630 | Zot:2    | Killed Josephina
 54920 | Zot:2    | Found a runed translucent door.
 54922 | Zot:2    | Noticed Caurgh's ghost (veteran OnBe)
 55551 | Zot:3    | You are sucked into a shaft and drop 1 floor!
 55607 | Zot:3    | Identified the +3 ring mail "Sauniw" {Int+3}
 55804 | Zot:3    | Reached XP level 27. HP: 227/242 MP: 23/23
 55846 | Zot:3    | Identified the +10 hand axe of the Hills {flame, *Rage
                  | *Corrode rElec Dex+8} (Trog gifted it to you on level 3 of
                  | the Realm of Zot)
 55846 | Zot:3    | Received a gift from Trog
 56655 | Zot:4    | Found the +4 dragonskin cloak
 56655 | Zot:4    | Noticed Tiamat
 56680 | Zot:4    | Received a gift from Trog
 56698 | Zot:4    | Killed Tiamat
 57283 | Zot:5    | Entered Level 5 of the Realm of Zot
 57582 | Zot:5    | Noticed a dread lich
 57593 | Zot:5    | Killed a dread lich
 57608 | Zot:5    | Noticed an orb of fire
 57610 | Zot:5    | Noticed a dread lich
 57617 | Zot:5    | Killed an orb of fire
 57617 | Zot:5    | Noticed a dread lich
 57621 | Zot:5    | Noticed an ancient lich
 57631 | Zot:5    | Killed a dread lich
 57637 | Zot:5    | Killed a dread lich
 57642 | Zot:5    | Killed an ancient lich
 57954 | Zot:5    | Noticed a dread lich
 57954 | Zot:5    | Noticed a dread lich
 57954 | Zot:5    | Noticed an orb of fire
 57954 | Zot:5    | Noticed an orb of fire
 57969 | Zot:5    | Killed a dread lich
 57980 | Zot:5    | Killed an orb of fire
 57980 | Zot:5    | Received a gift from Trog
 57982 | Zot:5    | Killed an orb of fire
 58002 | Zot:5    | Paralysed by a dread lich for 5 turns
 58008 | Zot:5    | Noticed a dread lich
 58008 | Zot:5    | Killed a dread lich
 58027 | Zot:5    | Killed a dread lich
 58044 | Zot:5    | Noticed an orb of fire
 58057 | Zot:5    | Gained mutation: Your health recovers twice as slowly from
                  | being drained. [an orb of fire]
 58058 | Zot:5    | Killed an orb of fire
 58073 | Zot:5    | Gained mutation: You are dopey. (Int -2) [mutagenic glow]
 58091 | Zot:5    | Gained mutation: You are weak. (Str -2) [mutagenic glow]
 58570 | Zot:5    | Got the Orb of Zot
 58866 | D:14     | Noticed Ximu the pandemonium lord
 58935 | D:11     | Noticed Qyniesy the pandemonium lord
 59157 | D:$      | Escaped with the Orb!

Illustrated notes

Levels and vault maps discovered:
D:1:      saegor_arrival_fortress, layout_basic
D:2:      layout_basic, basic_ecumenical_altar, uniq_sigmund
D:3:      layout_basic, chequers_serial_rivers_micro_e, kennysheep_boxes,
          uniq_robin, uniq_jessica
D:4:      layout_basic, dk_yredelemnul_ordeal, serial_shops,
          nicolae_shop_pleasant_corner_grove, nicolae_shop_rolled_up,
          nicolae_shop_gaudy_bauble, kennysheep_little_box,
          nicolae_shop_advertising_works [nicolae_subvault_shop_adworks],
          uniq_grinder, uniq_duvessa
D:5:      nicolae_cairo_tiling_very_big, layout_basic,
          nemelex_spade_bored_becter
D:6:      layout_basic, hangedman_ru_absence, uniq_edmund
D:7:      layout_loops_ring, pf_just_have_faith, evilmike_ruin_ashenzari,
          minmay_temple_entry_crystal_x, serial_demonic, serial_demonic_b,
          serial_demonic_g, serial_demonic_d, serial_demonic_a
D:8:      layout_basic, pdpol_wu_jian_five_deadly_venoms, enter_bailey_4,
          gammafunk_ghost_berserking_beasts, nicolae_water_bricks, uniq_maggie,
          uniq_pikel
D:9:      layout_roguey, mainiacjoe_overflow_catwalk, feat_on_display
D:10:     layout_layer_cave, lemuel_round_altar, mainiacjoe_overflow_paths,
          bloody_makhleb, nicolae_demonic_statue_gallery, uniq_urug
D:11:     layout_loops_cross, lair_entry_dummy, special_room [special_room_bee]
D:12:     layout_roguey, hiddenorc1_lemuel, uniq_kirke
D:13:     layout_cross, erik_vaults_2, serial_shops, nicolae_shop_crystal,
          okawaru_metal_pillars_3
D:14:     cheibrodos_elevator_heist, layout_basic
D:15:     hangedman_depths_entry_try_elsewhere_first, layout_rooms,
          corexii_corridor_pit, gammafunk_ghost_necromancy
Lair:1:   hellmonk_ruined_rings, layout_hall_layers, enter_volcano_1,
          gammafunk_lair_bear_cave
Lair:2:   beast_lair_carwin_large_2, layout_layer_cave,
          nicolae_spider_entry_tight_spaces
Lair:3:   layout_cave_pods, mainiacjoe_shoals_entry_four_pools,
          lemuel_fruit_tree, grunt_megastairs_2, lemuel_fruit_fields
Lair:4:   layout_hall_layers, nicolae_slime_entry_field_trip, uniq_snorg
Lair:5:   hellmonk_lair_end_abyssal_woods, layout_regular_city,
          eino_house_with_fridge
Shoals:1: nicolae_shoals_lighthouse, layout_shoals, serial_shops, statue_bzr,
          uniq_frances, uniq_louise
Shoals:2: nicolae_shoals_mermall, layout_shoals,
          portal_ice_cave_entry_ice_statue_two
Shoals:3: layout_shoals
Shoals:4: shoals_end_hellmonk_storm_palace [storm_palace_center_circular,
          storm_palace_corner_blocked, storm_palace_corner_altar,
          storm_palace_corner_pillars, storm_palace_corner_altar],
          uniq_polyphemus
Spider:1: layout_spider_delve, ebering_ghost_disaster_area,
          nicolae_spider_orb_run
Spider:2: layout_spider_delve, drop_trap, uniq_roxanne
Spider:3: layout_cave_pods
Spider:4: grunt_spider_rune_circles, hangedman_spider_mandibles, uniq_bai_suzhen
Slime:1:  layout_caves, cheibrodos_slime_lost_civilization_6
Slime:2:  layout_caves
Slime:3:  layout_caves
Slime:4:  layout_caves
Slime:5:  slime_pit_nicolae_inversion
Orc:1:    layout_diamond_mine, nicolae_orc_hostile_takeover, uniq_nergalle,
          uniq_jorgrun
Orc:2:    grunt_orc_community_town_hall, layout_diamond_mine,
          grunt_orc_community_big_house_2, grunt_orc_community_big_house_2,
          grunt_orc_community_house_2, grunt_orc_community_house_2,
          grunt_orc_community_house_1, grunt_orc_community_house_3,
          grunt_orc_community_house_1, nicolae_shop_overcharged_wands,
          uniq_saint_roka
Elf:1:    cheibrodos_wizards_tower, layout_gridlike,
          kennysheep_underground_church, nicolae_concentric_dashed_squares_mild,
          hellmonk_elf_help, minmay_shop_star
Elf:2:    nicolae_elf_blades_splatter_lattice [mumra_blade_entry_bloodbath],
          layout_geoelf_grid, infiniplex_enter_wizlab_glasses
Elf:3:    nooodl_elf_gasket, layout_loops_cross, minivault_19, uniq_mara
Vaults:1: nicolae_vaults_heart-shaped_vault, ontoclasm_vaults_gateway,
          nicolae_vaults_alarming, nicolae_vaults_network_barrier,
          vaults_room_door_ring, nicolae_vaults_little_squares_4,
          nicolae_vaults_double_plus_1, grunt_vaults_funnel,
          nicolae_vaults_prndl, nicolae_vaults_trapezoid_2,
          hangedman_vaults_restitches, layout_vaults_chaotic_city, serial_shops,
          shop
Vaults:2: minmay_crypt_entry_vampire_xt, nicolae_vaults_cochlea, serial_ice_m,
          vaults_mumra_lcd, vaults_room_grid, nicolae_vaults_shelves_hall,
          nicolae_vaults_heart-shaped_vault, layout_vaults_omnigrid
Vaults:3: grunt_vaults_hallway_short, nicolae_vaults_tangram_1,
          hangedman_vaults_corner_blocks, nicolae_vaults_tetromino_L_2,
          nicolae_vaults_more_shelving_1, nicolae_vaults_tetromino_Z_1,
          hangedman_vaults_corner, v_rooms_4, nicolae_vaults_storage_room_glass,
          nicolae_vaults_storage_closets_2, v_alt_pattern_1,
          vaults_standard_mumra_enter_the_diamond, layout_vaults_maze_bifur
Vaults:4: v_rooms_4, nicolae_vaults_ring_of_whatevers, nicolae_vaults_triangles,
          nicolae_vaults_what_the_h, st_lattice, dpeg_vaults_monster_row,
          vaults_dpeg_doors, nicolae_vaults_tetromino_Z_1, v_misc_1,
          nicolae_vaults_storage_closets_1, nicolae_vaults_trapezoid_3,
          layout_vaults_big_cross, uniq_donald
Depths:1: layout_cave_pools, basic_altar, hell_entry,
          kennysheep_generic_room_13, minmay_shop_grove, uniq_asterion
Depths:2: hellmonk_hyper_hexagons [hex_subvault_angles, hex_subvault_roundabout,
          hex_subvault_spokes, hex_subvault_double_channel,
          hex_subvault_octagon, hex_subvault_big_grid], hell_entry, pan_entry
Depths:3: hangedman_box_tower, layout_basic, pan_entry, abyss_entry,
          pf_hell_entry_great_geh, chequers_jeans, kennysheep_generic_room_8
Depths:4: grunt_zot_entry_bicorn, layout_cave_shapes, pan_entry,
          serial_column_ruins, column_ruins_portal_squares, column_ruins_hut,
          column_ruins_open_medium, column_ruins_open_large,
          column_ruins_corridor_corner, column_ruins_corridor_T,
          column_ruins_corridor_dead_end, column_ruins_columns_straight,
          grunt_metal_band, nrook_campfire, onia_ninara_cookie
Zot:1:    kennysheep_room_grid, layout_twisted_circle, skrybe_zot_glass_3
Zot:2:    layout_cathedral_of_symmetry, bh_zot_levy_curve,
          ebering_ghost_reflecting_pool, uniq_josephina
Zot:3:    layout_twisted_circle
Zot:4:    layout_concentric_octagons, skrybe_zot_glass_2, uniq_tiamat
Zot:5:    layout_misc_corridors

Skill      XL: |  1  2  3  4  5  6  7  8  9 10 11 12 13 14 15 16 17 18 19 20 21 22 23 24 25 26 27 |
---------------+----------------------------------------------------------------------------------+-----
Axes           | 4 6 8 12 15 17 18 19 21 23 | 23.3
Fighting       | 5 8 10 12 14 15 16 18 19 21 22 24 25 | 25.1
Armour         | 5 6 7 8 10 12 13 14 15 16 17 18 19 20 21 | 21.8
Evocations     | 4 6 7 9 10 11 12 15 17 | 17.0
Dodging        | 4 6 7 8 9 10 11 12 13 | 13.9
Throwing       | 2 4 6 7 9 10 11 12 13 14 15 16 18 | 18.0

Action                     |  1- 3 |  4- 6 |  7- 9 | 10-12 | 13-15 | 16-18 | 19-21 | 22-24 | 25-27 || total
---------------------------+-------+-------+-------+-------+-------+-------+-------+-------+-------++-------
  Melee: Hand axe          |    54 |   147 |   378 |    87 |       |       |       |       |       ||   666
         Spear             |    40 |    27 |       |       |       |       |       |       |       ||    67
         Trident           |       |       |    33 |   598 |       |       |       |       |       ||   631
         War axe           |       |       |       |   325 |   498 |       |       |       |       ||   823
         Broad axe         |       |       |       |    71 |   942 |  1555 |  1020 |  1542 |  2288 ||  7418
  Throw: Stone             |       |     2 |     3 |       |     7 |       |       |       |       ||    12
         Dart              |       |       |     3 |    20 |    61 |     9 |       |       |       ||    93
         Boomerang         |       |       |       |       |       |     1 |    15 |    22 |    17 ||    55
         Javelin           |       |       |       |       |       |       |       |       |     6 ||     6
 Invoke: Berserk           |     1 |     2 |     7 |     9 |     4 |    10 |       |       |     4 ||    37
         Trog's Hand       |       |     1 |     1 |       |     2 |     2 |       |     1 |     2 ||     9
         Brothers in Arms  |       |       |       |     2 |     1 |     2 |       |     5 |     6 ||    16
Ability: Evoke Blink       |       |       |       |       |       |       |       |     1 |       ||     1
  Evoke: Wand              |       |       |    10 |     7 |     1 |     7 |       |     2 |     2 ||    29
         Box of beasts     |       |       |       |       |       |       |       |       |     1 ||     1
         Phantom mirror    |       |       |       |       |       |       |       |       |     1 ||     1
    Use: Scroll            |       |     3 |     3 |     3 |    11 |    17 |     1 |    12 |    28 ||    78
         Potion            |       |       |     3 |     2 |     2 |     7 |     2 |     1 |     6 ||    23
   Stab: Paralysed         |       |       |     3 |       |       |       |       |     4 |       ||     7
         Petrifying        |       |       |       |       |       |     1 |       |       |       ||     1
         Distracted        |       |       |       |       |       |       |     1 |     3 |     1 ||     5
 Armour: Animal skin       |    26 |       |       |       |       |       |       |       |       ||    26
         Plate armour      |       |    71 |   209 |       |   412 |   477 |       |       |       ||  1169
         Acid dragon scale |       |       |       |   204 |    30 |       |       |       |       ||   234
         Storm dragon scal |       |       |       |       |       |   281 |   598 |   660 |       ||  1539
         Ice dragon scales |       |       |       |       |       |    31 |       |       |       ||    31
         Gold dragon scale |       |       |       |       |       |       |       |   167 |  1279 ||  1446
  Dodge: Dodged            |    27 |    19 |    73 |   395 |   376 |   709 |   645 |   615 |   804 ||  3663
         Repelled          |       |       |       |     4 |     5 |    12 |    10 |       |       ||    31

Table legend: (Time is in decaauts)
 A = Elapsed time spent in this place.
 B = Non-inter-level travel time spent in this place.
 C = Inter-level travel time spent in this place.
 D = Time resting spent in this place.
 E = Time spent auto-exploring this place.
 F = Levels seen in this place.
 G = Mean time per level.
                   A        B        C        D        E       F      G
               +--------+--------+--------+--------+--------+-----+--------+
         Total |  61911 |  52824 |   9087 |   5216 |  24995 |  56 | 1105.6 |
       Dungeon |  19610 |  15502 |   4108 |   1888 |   7237 |  15 | 1307.3 |
          Lair |   7296 |   6014 |   1282 |    499 |   2788 |   5 | 1459.2 |
        Shoals |   4403 |   3981 |    422 |    230 |   1831 |   4 | 1100.8 |
   Spider Nest |   4382 |   4009 |    373 |    371 |   1739 |   4 | 1095.5 |
    Slime Pits |   1720 |   1568 |    152 |    122 |    363 |   5 |  344.0 |
  Orcish Mines |   2161 |   1825 |    336 |    105 |    838 |   2 | 1080.5 |
   Elven Halls |   3060 |   2692 |    368 |     65 |   1353 |   3 | 1020.0 |
        Vaults |   5764 |   4761 |   1003 |      3 |   3004 |   4 | 1441.0 |
        Depths |   5260 |   4408 |    852 |    272 |   2343 |   4 | 1315.0 |
           Zot |   5102 |   4914 |    188 |    558 |   2964 |   5 | 1020.4 |
        Bazaar |    177 |    177 |      0 |      0 |     75 |   1 |  177.0 |
        Bailey |    840 |    840 |      0 |    369 |     29 |   1 |  840.0 |
      Ice Cave |    803 |    803 |      0 |    112 |    297 |   1 |  803.0 |
       Volcano |    980 |    980 |      0 |    589 |     70 |   1 |  980.0 |
        Wizlab |    347 |    347 |      0 |     28 |     62 |   1 |  347.0 |
               +--------+--------+--------+--------+--------+-----+--------+

Top non-repeatable levels by time:
  Lair:5: 1960 daAuts
    D:11: 1904 daAuts
Vaults:1: 1895 daAuts
  Lair:2: 1777 daAuts
Depths:3: 1734 daAuts
     D:8: 1720 daAuts
    D:15: 1559 daAuts
Depths:2: 1508 daAuts
    D:14: 1493 daAuts
   Elf:3: 1476 daAuts
Shoals:4: 1431 daAuts
    D:12: 1428 daAuts
Vaults:2: 1383 daAuts
   Orc:2: 1367 daAuts
     D:5: 1359 daAuts
